 Dungeon Crawl Stone Soup version 0.28-a0-1234-g826d19b2e0 (webtiles) character file.

Game seed: 9118871811204427096

116 r3xj the Skirmisher (level 4, -6/41 HPs)
             Began as a Minotaur Fighter on Dec 23, 2021.
             Killed from afar by Sigmund (11 damage)
             ... with a puff of flame
             ... on level 3 of the Dungeon.
             The game lasted 00:04:56 (2478 turns).

r3xj the Skirmisher (Minotaur Fighter)              Turns: 2478, Time: 00:04:57

Health: -6/41      AC:  8    Str: 22    XL:     4   Next: 69%
Magic:  3/3        EV:  9    Int:  5    God:
Gold:   61         SH:  0    Dex: 10    Spells: 3/3 levels left

rFire   . . .      SeeInvis .   a - +0 flail
rCold   . . .      Faith    .   c - +0 buckler
rNeg    . . .      Spirit   .   b - +0 scale mail
rPois   .          Reflect  .   (helmet restricted)
rElec   .          Harm     .   g - +0 cloak
rCorr   .          Rampage  .   (no gloves)
Will    .....                   (no boots)
Stlth   ..........              (no amulet)
HPRegen 0.13/turn               (no ring)
MPRegen 0.08/turn               (no ring)

@: confused
A: horns 2, retaliatory headbutt
a: no special abilities


You were on level 3 of the Dungeon.
You visited 1 branch of the dungeon, and saw 3 of its levels.

You collected 61 gold pieces.

Inventory:

Hand Weapons
 a - a +0 flail (weapon)
Missiles
 h - 15 poisoned darts (quivered)
Armour
 b - a +0 scale mail (worn)
 c - a +0 buckler (worn)
 g - a +0 cloak (worn)
Jewellery
 n - a ring of poison resistance
Scrolls
 e - 2 scrolls of enchant armour {unknown}
 f - 2 scrolls of immolation {unknown}
 i - a scroll of enchant weapon {unknown}
 k - a scroll of identify {unknown}
 l - 3 scrolls of acquirement {unknown}
 m - a scroll of teleportation {unknown}
 o - a scroll of blinking {unknown}
Potions
 d - a potion of might
 j - 2 potions of brilliance {unknown}


   Skills:
 + Level 4.7 Fighting
 + Level 3.8 Maces & Flails
 + Level 4.7 Armour
 - Level 4.0 Shields


You had 3 spell levels left.
You didn't know any spells.
Your spell library was empty.

Dungeon Overview and Level Annotations

Branches:
Dungeon (3/15)

Altars:

Annotations:
D:3 Sigmund


Innate Abilities, Weirdness & Mutations

You have a pair of horns on your head.
You reflexively headbutt those who attack you in melee.


Message History

Sigmund points at you and mumbles some strange words.
The magic dart hits you!
You start resting.
Sigmund is nearby!
You start resting.
Sigmund is nearby!
Sigmund hits you from afar with a +0 scythe.
Sigmund hits you but does no damage.
You thump Sigmund!
Sigmund is heavily wounded.
Sigmund barely misses you.
You closely miss Sigmund. Your headbutt misses Sigmund.
Sigmund is heavily wounded.
You hit Sigmund.
Sigmund is heavily wounded.
Sigmund hits you with a +0 scythe!
You barely miss Sigmund. You headbutt Sigmund!
Sigmund is almost dead.
Sigmund hits you with a +0 scythe.
You closely miss Sigmund.
Sigmund is almost dead.
Sigmund points at you and mumbles some strange words.
You are confused.
You bump into the rock wall.
Sigmund points at you and mumbles some strange words.
The magic dart hits you.
You miss Sigmund. Your headbutt misses Sigmund.
Sigmund is almost dead.
Sigmund hits you with a +0 scythe.
You bump into the rock wall.
Sigmund gestures wildly while chanting.
Sigmund flickers and vanishes!
Deactivating autopickup; reactivate with Ctrl-A.
You closely miss something. Something hits you!
* * * LOW HITPOINT WARNING * * *
You bump into the rock wall.
You hear some strange, mumbled words.
A puff of flame appears from out of thin air!
The puff of flame hits you!
You die...

##.....## ##.......##
###.........#
..'.........+
#.........# #.......#
#.....# ##..{######
##...@...# #.#####.#
#######.#####.#
.......)...##.#
######...#.##'#########
#......###.≈≈§≈≈≈≈§
##...#.# #≈...§§§..
##......#≈.8≈§§≈8.
#.##...#§§≈≈≈§≈≈§


There were no monsters in sight!

Vanquished Creatures
  Robin (D:2)
  An adder (D:2)
  4 gnolls
  3 dart slugs
  An orc (D:3)
  7 ball pythons
  An endoplasm (D:1)
  A giant cockroach (D:1)
  10 goblins
  7 hobgoblins
  5 kobolds
  4 bats
  3 frilled lizards
  3 rats
51 creatures vanquished.

Notes
Turn   | Place    | Note
-------+----------+-------------------------------------------
     0 | D:1      | r3xj the Minotaur Fighter began the quest for the Orb.
     0 | D:1      | Reached XP level 1. HP: 19/19 MP: 0/0
   401 | D:1      | Reached XP level 2. HP: 24/27 MP: 1/1
   535 | D:1      | Found a faded altar of an unknown god.
  1171 | D:2      | Noticed Robin
  1172 | D:2      | Reached XP level 3. HP: 33/33 MP: 2/2
  1515 | D:2      | Killed Robin
  1906 | D:2      | Reached XP level 4. HP: 41/41 MP: 3/3
  2458 | D:3      | Noticed Sigmund
  2478 | D:3      | Killed from afar by Sigmund

Illustrated notes

Levels and vault maps discovered:
D:1:      wander_arrival_chamber, layout_basic,
          hellmonk_ecumenical_altar_inner_sanctum, palyth_stone_intersect
D:2:      layout_loops_ring, serial_forest, infiniplex_forest_straight_5,
          infiniplex_forest_clump_diagonal, infiniplex_forest_lined_2,
          infiniplex_forest_clump_double, infiniplex_forest_lined_room_,
          infiniplex_forest_clump_double, corner_web_ring, uniq_robin
D:3:      layout_loops_corners, kennysheep_pointless_box, uniq_sigmund

Skill      XL: |  1  2 |
---------------+-------+-----
Shields        | 4 |  4.0
Armour         | 4 |  4.7
Fighting       | 4 |  4.7
Maces & Flails | 3 |  3.8

Action                   |  1- 3 |  4- 6 || total
-------------------------+-------+-------++-------
Melee: Flail             |    90 |    23 ||   113
       Headbutt          |    15 |     6 ||    21
Throw: Dart              |    33 |     5 ||    38
Armor: Scale mail        |    53 |     8 ||    61
Dodge: Dodged            |    42 |    14 ||    56
Block: Buckler           |    25 |     6 ||    31

Table legend: (Time is in decaauts)
 A = Elapsed time spent in this place.
 B = Non-inter-level travel time spent in this place.
 C = Inter-level travel time spent in this place.
 D = Time resting spent in this place.
 E = Time spent auto-exploring this place.
 F = Levels seen in this place.
 G = Mean time per level.
                   A        B        C        D        E       F      G
               +--------+--------+--------+--------+--------+-----+--------+
         Total |   2510 |   2433 |     77 |    485 |   1570 |   3 |  836.7 |
       Dungeon |   2510 |   2433 |     77 |    485 |   1570 |   3 |  836.7 |
               +--------+--------+--------+--------+--------+-----+--------+

Top non-repeatable levels by time:
     D:1: 1271 daAuts
     D:2: 975 daAuts
     D:3: 263 daAuts
